 Dungeon Crawl Stone Soup version 0.29-a0-101-g0f647bec9a (webtiles) character file.

Game seed: 6598850108382343866

31685 LichieLich the Geomancer (level 13, -18/80 HPs)
             Began as a Gargoyle Earth Elementalist on Feb 15, 2022.
             Was a Priest of Sif Muna.
             Killed from afar by a rime drake (28 damage)
             ... with a flash freeze
             ... on level 5 of the Lair of Beasts.
             The game lasted 00:48:10 (20903 turns).

LichieLich the Geomancer (GrEE)                    Turns: 20903, Time: 00:48:11

Health: -18/80     AC: 19    Str: 12    XL:     13   Next: 59%
Magic:  1/26       EV: 20    Int: 21    God:    Sif Muna [***...]
Gold:   947        SH:  0    Dex: 16    Spells: 20/30 levels left

rFire   . . .      SeeInvis .   o - staff of earth
rCold   . . .      Faith    .   (no shield)
rNeg    + . .      Spirit   .   G - +0 steam dragon scales
rPois   ∞          Reflect  .   Q - +1 helmet
rElec   +          Harm     .   y - +0 cloak
rCorr   .          Rampage  .   b - +0 pair of gloves
Will    .....                   x - +0 pair of boots
Stlth   ++........              (no amulet)
HPRegen 0.23/turn               d - +6 ring of dexterity
MPRegen 0.20/turn               T - +4 ring of evasion

@: no status effects
A: sickness immunity, AC +9, negative energy resistance 1, electricity
resistance, torment resistance 1, petrification resistance
a: Renounce Religion, Channel Magic, Forget Spell


You were on level 5 of the Lair of Beasts.
You worshipped Sif Muna.
Sif Muna was most pleased with you.
You visited 3 branches of the dungeon, and saw 14 of its levels.

You collected 947 gold pieces.

Inventory:

Hand Weapons
 l - a +3 dagger of venom
 X - the +5 short sword of the Apocalypse {vorpal, SInv}
   (You found it on level 5 of the Lair of Beasts)

   It inflicts extra damage upon your enemies.
   SInv:      It lets you see invisible.
Missiles
 c - 81 stones
 p - 6 throwing nets
 H - 5 silver javelins
Armour
 b - a +0 pair of gloves (worn)
 x - a +0 pair of boots (worn)
 y - a +0 cloak (worn)
 C - a +2 kite shield
 G - +0 steam dragon scales (worn)
 N - +0 acid dragon scales
 Q - a +1 helmet (worn)
Magical Staves
 o - a staff of earth (weapon)
Jewellery
 d - a +6 ring of dexterity (left hand)
 K - a ring of resist corrosion
 T - a +4 ring of evasion (right hand)
Wands
 r - a wand of iceblast (6)
 v - a wand of acid (9)
 D - a wand of digging (1)
 F - a wand of charming (8)
 J - a wand of mindburst (7)
Scrolls
 a - 3 scrolls of enchant weapon
 g - 4 scrolls of amnesia
 j - 2 scrolls of fear
 m - a scroll of blinking {unknown}
 n - a scroll of acquirement {unknown}
 q - 7 scrolls of fog
 u - 2 scrolls of teleportation
 A - a scroll of immolation
 I - a scroll of vulnerability {unknown}
 L - a scroll of enchant armour {unknown}
 M - 2 scrolls of torment {unknown}
 R - 2 scrolls of noise {unknown}
 S - a scroll of magic mapping {unknown}
 W - a scroll of brand weapon {unknown}
Potions
 e - a potion of ambrosia {unknown}
 f - 3 potions of brilliance
 h - 2 potions of resistance
 i - 2 potions of haste
 k - 4 potions of attraction {unknown}
 s - a potion of heal wounds {unknown}
 t - 2 potions of degeneration {unknown}
 w - 3 potions of cancellation
 z - a potion of berserk rage {unknown}
 B - 4 potions of lignification
 E - a potion of flight {unknown}
 O - a potion of might {unknown}
 P - 4 potions of curing
 U - 2 potions of mutation {unknown}
 V - a potion of magic {unknown}


   Skills:
 + Level 9.3 Fighting
 + Level 8.4 Staves
 + Level 7.3 Dodging
 - Level 2.1 Stealth
 + Level 9.0 Spellcasting
 + Level 9.8 Conjurations
 - Level 1.0 Transmutations
 + Level 11.8 Earth Magic
 + Level 8.3 Invocations


You had 20 spell levels left.
You knew the following spells:

 Your Spells              Type           Power      Damage    Failure   Level
a - Sandblast             Erth           100%       2d20      1%          1
b - Stone Arrow           Conj/Erth      100%       3d13      1%          3
c - Passwall              Tmut/Erth      44%        N/A       1%          2
d - Petrify               Tmut/Erth      53%        N/A       4%          4

Your spell library contained the following spells:

 Spells                   Type           Power      Damage    Failure   Level
 Shock                    Conj/Air       100%       1d9       1%          1
 Animate Armour           Summ/Erth      100%       N/A       6%          4
 Corpse Rot               Necr/Air       18%        N/A       11%         2
 Confusing Touch          Hex            9%         N/A       22%         3
 Gell's Gravitas          Tloc           9%         N/A       22%         3
 Portal Projectile        Hex/Tloc       18%        N/A       22%         3
 Swiftness                Air            9%         N/A       22%         3
 Teleport Other           Tloc           9%         N/A       22%         3
 Irradiate                Conj/Tmut      16%        3d18      22%         5
 Airstrike                Air            4%         N/A       56%         4
 Animate Dead             Necr           4%         N/A       56%         4
 Dispel Undead            Necr           9%         3d8       56%         4
 Blade Hands              Tmut           6%         N/A       78%         5
 Yara's Violent Unravell  Hex/Tmut       5%         3d4       85%         5
 Excruciating Wounds      Necr           4%         N/A       89%         5
 Lehudib's Crystal Spear  Conj/Erth      35%        10d9      99%         8
 Death Channel            Necr           4%         N/A       100%        6
 Dispersal                Tloc           4%         N/A       100%        6
 Dragon Form              Tmut           6%         N/A       100%        7
 Enfeeble                 Hex            4%         N/A       100%        7
 Haunt                    Necr/Summ      4%         N/A       100%        7
 Infestation              Necr           4%         N/A       100%        8


Dungeon Overview and Level Annotations

Branches:
Dungeon (8/15)             Temple (1/1) D:6            Lair (5/6) D:8
  Swamp (0/4) Lair:4        Snake (0/4) Lair:3        Slime (0/5) Lair:5

Altars:
Ashenzari
Cheibriados
Dithmenos
Elyvilon
Fedhas
Gozag
Hepliaklqana
Kikubaaqudgha
Makhleb
Nemelex Xobeh
Qazlal
Ru
Sif Muna
Trog
Uskayaw
Vehumet
Wu Jian
Xom
Yredelemnul
Zin
The Shining One
Lugonu

Shops:
D:1 ?

Annotations:
D:8 2 transporters


Innate Abilities, Weirdness & Mutations

You are immune to sickness and miasma.
Your stone body is resilient. (AC +9)
You are immune to poison.
You resist negative energy. (rN+)
You are resistant to electric shocks. (rElec)
You are resistant to unholy torment.
You are immune to petrification.


Message History

The ball of steam hits you. You resist.
You hear an angry hiss.
You hear a deafening roar!
You hear an angry hiss.
You closely miss the steam dragon.
The steam dragon is almost dead.
You hear an angry hiss.
The steam dragon barely misses you. x2
Unknown command.
You hit the steam dragon.
You kill the steam dragon!
Sif Muna accepts your kill. The rime drake breathes ice at you.
The flash freeze hits you!!
* * * LOW HITPOINT WARNING * * *
You are encased in ice.
Casting: Sandblast (safe; 1% risk of failure)
Confirm with . or Enter, or press ? or * to list all spells.
Aiming: Sandblast (safe; 1% risk of failure)
Press: ? - help, Shift-Dir - straight line, f - rime drake
Aim: a rime drake (80% to hit)
You feel a surge of power!
The blast of sand hits the rime drake!
The rime drake is heavily wounded.
You completely miss the rime drake.
The rime drake is heavily wounded.
The rime drake misses you.
You hit the rime drake but do no damage.
The rime drake is heavily wounded.
The rime drake bites you.
* * * LOW HITPOINT WARNING * * *
You hit the rime drake but do no damage.
The rime drake is heavily wounded.
The ice encasing you melts away. The rime drake misses you.
You closely miss the rime drake. You punch the rime drake.
The rime drake is severely wounded.
The rime drake completely misses you.
You closely miss the rime drake.
The rime drake is severely wounded.
The rime drake breathes ice at you. The flash freeze hits you!!
You die...

.........##
######..P#
#.P.#
#...###
#...#.#
#....##
#...##
#...# #.@##
#.k.# #†.P#
#.PP# #...#
#...# #.†##
.k§......#
..k..†...#


You could see a rime drake (catching breath).

Vanquished Creatures
  Nessos (Lair:4)
  Harold (D:7)
  5 hydras
  A two-headed ogre (D:7)
  A boulder beetle (Lair:5)
  2 death yaks
  A necromancer (Lair:4)
  A lindwurm (Lair:5)
  Pikel (D:7)
  An ugly thing (D:8)
  10 elephants
  5 black mambas
  8 cane toads
  2 torpor snails
  5 rime drakes (Lair:5)
  7 komodo dragons
  4 freezing wraiths (D:8)
  A polar bear (Lair:4)
  A hornet (Lair:3)
  2 slime creatures (Lair:5)
  3 blink frogs (Lair:5)
  11 yaks
  Grum (D:8)
  3 wyverns
  A basilisk (Lair:4)
  7 steam dragons
  6 nagas (Lair:3)
  4 swamp worms (Lair:4)
  An acid dragon (D:8)
  17 water moccasins
  5 orc warriors
  3 ice beasts
  2 black bears
  A necrophage (D:7)
  A sky beast (D:6)
  3 ogres
  3 phantoms
  3 wolves (D:8)
  A lemure (D:7)
  8 bullfrogs
  A wyvern zombie (D:8)
  A water moccasin zombie (D:6)
  5 electric eels
  2 centaur zombies
  3 hounds
  4 jellies
  An orc priest (D:6)
  2 iguanas
  4 centaur skeletons
  Ijyb (D:3)
  4 orc wizards
  Natasha (thrice) (D:3)
  2 polar bear simulacra (Lair:4)
  A wolf simulacrum (Lair:4)
  A killer bee zombie (D:7)
  A howler monkey zombie (D:8)
  7 gnolls
  3 howler monkey skeletons (D:7)
  4 adders
  A shadow imp (D:7)
  A white imp (D:7)
  An adder skeleton (D:4)
  2 worms (D:2)
  2 dart slugs
  25 orcs
  7 endoplasms
  3 giant cockroaches
  7 goblins
  7 hobgoblins
  4 jackals (D:4)
  3 quokkas (D:3)
  7 ball pythons
  3 bats
  A frilled lizard (D:3)
  4 kobolds
  9 rats
  8 river rat simulacra (Lair:4)
289 creatures vanquished.

Vanquished Creatures (others)
  A komodo dragon (Lair:3)
  A bullfrog (Lair:1)
  A bush (Lair:3)
  5 fungi
  13 plants
21 creatures vanquished.

Grand Total: 310 creatures vanquished

Notes
Turn   | Place    | Note
-------+----------+-------------------------------------------
     0 | D:1      | LichieLich the Gargoyle Earth Elementalist began the quest
                  | for the Orb.
     0 | D:1      | Reached XP level 1. HP: 10/10 MP: 3/3
    29 | D:1      | Found a faded altar of an unknown god.
   101 | D:1      | Reached skill level 1 in Transmutations
   665 | D:1      | Reached XP level 2. HP: 7/15 MP: 3/5
  1123 | D:1      | Reached skill level 4 in Earth Magic
  1194 | D:1      | Found Qargh's Magic Scroll Emporium.
  1597 | D:2      | Reached XP level 3. HP: 8/19 MP: 2/6
  1965 | D:2      | Reached XP level 4. HP: 9/24 MP: 6/8
  2154 | D:2      | Learned a level 3 spell: Stone Arrow
  2255 | D:2      | Reached skill level 5 in Earth Magic
  2300 | D:2      | Learned a level 2 spell: Passwall
  2772 | D:3      | Noticed Ijyb
  2773 | D:3      | Reached skill level 1 in Conjurations
  2773 | D:3      | Reached XP level 5. HP: 22/28 MP: 3/10
  2784 | D:3      | Killed Ijyb
  3351 | D:3      | Noticed Natasha
  3353 | D:3      | Killed Natasha
  3386 | D:3      | Noticed Natasha
  3389 | D:3      | Killed Natasha
  3389 | D:3      | Noticed Natasha
  3390 | D:3      | Reached XP level 6. HP: 31/32 MP: 7/11
  3395 | D:3      | Killed Natasha
  4014 | D:3      | Found a glowing golden altar of the Shining One.
  4139 | D:3      | Found a glowing silver altar of Zin.
  4310 | D:4      | Reached skill level 6 in Earth Magic
  4715 | D:4      | Reached XP level 7. HP: 27/36 MP: 3/13
  4878 | D:4      | Found a sparkling altar of Nemelex Xobeh.
  5348 | D:5      | Entered Level 5 of the Dungeon
  5441 | D:5      | Found a basalt altar of Yredelemnul.
  6169 | D:5      | Found a burning altar of Makhleb.
  6225 | D:5      | Reached skill level 1 in Fighting
  6225 | D:5      | Reached skill level 1 in Staves
  6418 | D:5      | Reached XP level 8. HP: 44/44 MP: 12/15
  6636 | D:6      | Reached skill level 5 in Spellcasting
  6636 | D:6      | Reached skill level 7 in Earth Magic
  6833 | D:6      | Reached XP level 9. HP: 27/52 MP: 2/17
  7034 | D:6      | Reached skill level 5 in Conjurations
  7205 | D:6      | Found a staircase to the Ecumenical Temple.
  7211 | Temple   | Entered the Ecumenical Temple
  7410 | Temple   | Became a worshipper of Sif Muna the Loreminder
  7719 | D:7      | Noticed a two-headed ogre
  7725 | D:7      | Killed a two-headed ogre
  7726 | D:7      | Reached skill level 8 in Earth Magic
  7726 | D:7      | Reached skill level 1 in Invocations
  7820 | D:7      | Learned a level 4 spell: Petrify
  8043 | D:7      | Noticed Pikel
  8055 | D:7      | Killed Pikel
  8260 | D:7      | Reached skill level 5 in Fighting
  8260 | D:7      | Reached XP level 10. HP: 42/59 MP: 17/19
  8263 | D:7      | Noticed Harold
  8534 | D:7      | Killed Harold
  8857 | D:7      | Reached skill level 5 in Staves
  9060 | D:7      | Found an ornate altar of the Wu Jian Council.
  9300 | D:8      | Found a shimmering altar of Xom.
  9300 | D:8      | Found an ancient bone altar of Kikubaaqudgha.
  9580 | D:8      | Found a staircase to the Lair.
  9619 | D:8      | Found a transporter.
  9619 | D:8      | Noticed a large abomination
  9621 | D:8      | Found a corrupted altar of Lugonu.
  9623 | D:8      | Noticed a red ugly thing
  9623 | D:8      | Noticed a green ugly thing
  9742 | D:8      | Reached skill level 9 in Earth Magic
 10025 | D:8      | Noticed Grum
 10032 | D:8      | Killed Grum
 10098 | D:8      | Reached * piety under Sif Muna
 10469 | D:8      | Found a radiant altar of Vehumet.
 10501 | D:8      | Noticed a cyan ugly thing
 10502 | D:8      | Found a transporter.
 10772 | D:8      | Killed a purple ugly thing
 11011 | D:8      | Reached skill level 5 in Dodging
 11011 | D:8      | Reached XP level 11. HP: 13/64 MP: 1/21
 11272 | D:8      | Noticed a death knight
 11671 | Lair:1   | Entered Level 1 of the Lair of Beasts
 11917 | Lair:1   | Reached skill level 5 in Invocations
 13779 | Lair:2   | Noticed a four-headed hydra
 13785 | Lair:2   | Killed a four-headed hydra
 13786 | Lair:2   | Reached skill level 10 in Earth Magic
 14750 | Lair:3   | Reached XP level 12. HP: 5/72 MP: 14/23
 15085 | Lair:3   | Noticed a seven-headed hydra
 15095 | Lair:3   | Killed a seven-headed hydra
 15867 | Lair:3   | Reached ** piety under Sif Muna
 16006 | Lair:3   | Found a staircase to the Snake Pit.
 16666 | Lair:4   | Noticed a five-headed hydra
 16672 | Lair:4   | Killed a five-headed hydra
 16792 | Lair:4   | Noticed a death yak
 16794 | Lair:4   | Noticed a death yak
 16822 | Lair:3   | Killed a death yak
 17004 | Lair:4   | Noticed Nessos
 17605 | Lair:3   | Reached skill level 11 in Earth Magic
 17814 | Lair:4   | Killed Nessos
 18137 | Lair:4   | Found a staircase to the Swamp.
 18682 | Lair:4   | Killed a death yak
 18683 | Lair:4   | Reached XP level 13. HP: 60/79 MP: 3/25
 20212 | Lair:5   | Identified the +5 short sword of the Apocalypse {vorpal,
                  | SInv}
 20330 | Lair:5   | Found a staircase to the Slime Pits.
 20848 | Lair:5   | Reached *** piety under Sif Muna
 20903 | Lair:5   | Killed from afar by a rime drake

Illustrated notes

Levels and vault maps discovered:
D:1:      minmay_arrival_hallway, layout_basic, serial_shops,
          nicolae_shop_behind_doors, hellmonk_ecumenical_altar_lost_god,
          dk_noncrumbling_3
D:2:      layout_basic
D:3:      layout_basic, mainiacjoe_overflow_alcove_2, zin_treasury,
          serial_bayou_lagoon_a, guppyfry_early_lair_pool, uniq_natasha,
          uniq_ijyb
D:4:      layout_loops_cross, kennysheep_mini_moat
D:5:      layout_loops_cross, amcnicky_altar_gilded, bloody_makhleb
D:6:      nicolae_cairo_tiling_large_dashed, layout_rooms
D:7:      layout_basic, general_overflow_altar, kennysheep_generic_room_15,
          uniq_pikel, uniq_harold
D:8:      gammafunk_corrupted_shrine, layout_loops_ring, vehumet_crystals,
          chequers_temple_overflow_statue_of_worship, lair_entry_dummy,
          uniq_grum
Temple:   minmay_temple_bridge_abc
Lair:1:   layout_small_grid, serial_bayou, serial_bayou_lagoon_b,
          serial_bayou_pond_a, serial_bayou_lake_a, serial_bayou_pond_a
Lair:2:   layout_chaotic_city, lemuel_fruit_fields
Lair:3:   layout_cave_pods, minmay_snake_entry_guardpost_large,
          minmay_hedge_maze, lemuel_fruit_tree
Lair:4:   layout_regular_city, minmay_swamp_entry_worms, eino_house_with_fridge,
          infiniplex_staircase_pool, grunt_megastairs_4, uniq_nessos
Lair:5:   layout_big_grid, minmay_slime_entry_pillars, bobbens_dragon_lair_wall,
          grunt_megastairs_5

Skill      XL: |  1  2  3  4  5  6  7  8  9 10 11 12 13 |
---------------+----------------------------------------+-----
Transmutations | 1 |  1.0
Earth Magic    | 4 5 6 7 8 9 10 11 | 11.8
Spellcasting   | 3 4 5 6 7 8 9 |  9.0
Conjurations   | 1 2 3 4 6 7 8 9 |  9.8
Fighting       | 2 3 5 6 7 8 9 |  9.3
Staves         | 1 3 4 5 6 7 8 |  8.4
Dodging        | 2 3 4 5 6 7 |  7.3
Invocations    | 2 4 6 7 8 |  8.3
Stealth        | |  2.1

Action                   |  1- 3 |  4- 6 |  7- 9 | 10-12 | 13-15 || total
-------------------------+-------+-------+-------+-------+-------++-------
Melee: Club              |    38 |       |       |       |       ||    38
       Unarmed           |     9 |       |       |       |       ||     9
       Dagger            |    14 |    35 |       |       |       ||    49
       Punch             |     1 |     1 |     6 |     5 |     2 ||    15
       Staff             |       |   102 |   161 |   260 |    93 ||   616
 Cast: Sandblast         |    14 |    40 |    57 |   231 |    46 ||   388
       Stone Arrow       |       |     2 |    11 |   114 |    77 ||   204
       Petrify           |       |       |       |    11 |     7 ||    18
Invok: Channel Magic     |       |       |       |     3 |     3 ||     6
  Use: Scroll            |       |       |     7 |     5 |       ||    12
       Potion            |       |       |       |     2 |       ||     2
 Stab: Sleeping          |     3 |     3 |     3 |       |       ||     9
       Distracted        |       |     1 |       |     1 |       ||     2
       Petrified         |       |       |       |     6 |       ||     6
       Petrifying        |       |       |       |     1 |       ||     1
Armor: Robe              |    16 |    47 |    76 |       |       ||   139
       Steam dragon scal |       |       |    25 |   156 |    52 ||   233
Dodge: Dodged            |    42 |   102 |   131 |   370 |   116 ||   761

Table legend: (Time is in decaauts)
 A = Elapsed time spent in this place.
 B = Non-inter-level travel time spent in this place.
 C = Inter-level travel time spent in this place.
 D = Time resting spent in this place.
 E = Time spent auto-exploring this place.
 F = Levels seen in this place.
 G = Mean time per level.
                   A        B        C        D        E       F      G
               +--------+--------+--------+--------+--------+-----+--------+
         Total |  20991 |  20254 |    737 |   2421 |  15148 |  14 | 1499.4 |
       Dungeon |  11487 |  11099 |    388 |   1261 |   8297 |   8 | 1435.9 |
        Temple |    224 |    200 |     24 |      0 |    193 |   1 |  224.0 |
          Lair |   9279 |   8954 |    325 |   1160 |   6657 |   5 | 1855.8 |
               +--------+--------+--------+--------+--------+-----+--------+

Top non-repeatable levels by time:
  Lair:4: 2538 daAuts
  Lair:3: 2338 daAuts
     D:8: 2020 daAuts
  Lair:1: 2002 daAuts
     D:1: 1947 daAuts
     D:7: 1699 daAuts
  Lair:2: 1288 daAuts
     D:5: 1276 daAuts
     D:3: 1215 daAuts
     D:4: 1130 daAuts
  Lair:5: 1111 daAuts
     D:6: 1099 daAuts
     D:2: 1097 daAuts
  Temple: 224 daAuts
